 Dungeon Crawl Stone Soup version 0.25-a0-890-g62861fb195 (webtiles) character file.

Game seed: 17607600974753892467, levelgen mode: classic

690 Amnesiac the Frost Mage (level 7, -10/36 HPs)
             Began as a Deep Elf Ice Elementalist on May 3, 2020.
             Mangled by Menkaure (19 damage)
             ... on level 6 of the Dungeon.
             The game lasted 00:08:23 (2338 turns).

Amnesiac the Frost Mage (Deep Elf Ice Elementalist) Turns: 2338, Time: 00:08:24

Health: -10/36     AC: 11    Str:  5    XL:     7   Next: 36%
Magic:  15/18      EV: 13    Int: 22    God:
Gold:   121        SH:  0    Dex: 15    Spells: 4/19 levels left

rFire    . . .     SeeInvis .   a - +0 hunting sling
rCold    . . .     Gourm    .   (no shield)
rNeg     . . .     Faith    .   f - +0 robe
rPois    .         Spirit   .   (no helmet)
rElec    .         Reflect  .   (no cloak)
rCorr    .         Harm     .   b - +0 pair of gloves
MR       .....                  g - +0 pair of boots
Stlth    ++........             (no amulet)
HPRegen  0.12/turn              (no ring)
MPRegen  0.16/turn              (no ring)

@: icy armour
A: no striking features
a: no special abilities


You were on level 6 of the Dungeon.
You were not hungry.

You visited 1 branch of the dungeon, and saw 6 of its levels.
You also visited: Sewer.

You collected 121 gold pieces.

Inventory:

Hand Weapons
 a - a +0 hunting sling (weapon)
Missiles
 e - 99 stones (quivered)
 j - 9 javelins
 n - 3 poisoned darts
 v - 13 sling bullets
Armour
 b - a +0 pair of gloves (worn)
 f - a +0 robe (worn)
 g - a +0 pair of boots (worn)
 r - the +3 helmet "Boggutai" {+Inv MR++ Str+3 Int-4, unknown}
   (You found it in a sewer)

   It affects your strength (+3).
   It affects your intelligence (-4).
   It affects your resistance to hostile enchantments.
   It lets you turn invisible.
 x - a scarf of resistance
Wands
 t - a wand of random effects (7)
Scrolls
 d - 4 scrolls of identify {!r, unknown}
 h - 2 scrolls of remove curse {!r, unknown}
 i - a scroll of fog {!r, unknown}
 m - 3 scrolls of enchant weapon {!r, unknown}
 y - a scroll of immolation {!r, unknown}
 A - a scroll of teleportation {!r, unknown}
 B - a scroll of magic mapping {!r, unknown}
Potions
 k - 2 potions of haste {!q, unknown}
 l - 2 potions of might {!q, unknown}
 o - 2 potions of flight {!q, unknown}
 p - 5 potions of heal wounds {!q, unknown}
 q - 4 potions of curing {!q, unknown}
 s - 3 potions of brilliance {!q, unknown}
 w - a potion of stabbing {!q, unknown}
 z - 2 potions of lignification {!q, unknown}
Comestibles
 c - 3 rations


   Skills:
 - Level 2.4 Dodging
 - Level 2.4 Stealth
 + Level 6.5 Spellcasting
 * Level 8.2 Ice Magic
 + Level 2.3 Evocations


You had 4 spell levels left.
You knew the following spells:

 Your Spells              Type           Power        Failure   Level  Hunger
a - Freeze                Ice            ####         1%          1    None
b - Frozen Ramparts       Ice            #####.       1%          3    #......
c - Summon Ice Beast      Ice/Summ       ####....     16%         4    ###....
d - Hailstorm             Conj/Ice       ####....     16%         4    ###....
z - Ozocubu's Armour      Chrm/Ice       ####....     4%          3    #......

Your spell library contained the following spells:

 Spells                   Type           Power        Failure   Level  Hunger


Dungeon Overview and Level Annotations

Branches:
Dungeon (6/15)              Sewer (visited)
 Temple: D:4-7

Altars:

Annotations:
D:4 1 exclusion
D:6 Menkaure


Message History

There is a stone staircase leading down here.
You climb downwards.
You hear the hiss of flowing sand.
There is an entrance to an ossuary on this level.
Hurry and find it before the portal is buried!
There is a stone staircase leading up here.
You can't go down here!
Found a stone staircase leading down.
Menkaure, Prince of Dust comes into view.
Evoke which item? (* to show all) (? for menu, Esc to quit)
Aiming: Random Effects
Press: ? - help, Shift-Dir - straight line, f - Menkaure
Aim: Menkaure Menkaure resists with significant effort.
Menkaure blazes with dark energy!
All of the chunks of flesh in your inventory have rotted away.
You start resting.
Menkaure is too close now for your liking.
Evoke which item? (* to show all) (? for menu, Esc to quit)
Aiming: Random Effects
Press: ? - help, Shift-Dir - straight line, f/p - Menkaure
Aim: Menkaure The mass of ice explodes!
The iceblast engulfs Menkaure!
Menkaure partially resists.
Menkaure is heavily damaged.
Evoke which item? (* to show all) (? for menu, Esc to quit)
Aiming: Random Effects
Press: ? - help, Shift-Dir - straight line, f/p - Menkaure
Aim: Menkaure (heavily damaged) Menkaure seems to speed up.
Evoke which item? (* to show all) (? for menu, Esc to quit)
Aiming: Random Effects
Press: ? - help, Shift-Dir - straight line, f/p - Menkaure
Aim: Menkaure (heavily damaged, fast)
The bolt of negative energy hits Menkaure.
Menkaure completely resists.
Menkaure is heavily damaged.
Evoke which item? (* to show all) (? for menu, Esc to quit)
Aiming: Random Effects
Press: ? - help, Shift-Dir - straight line, f/p - Menkaure
Aim: Menkaure (moderately damaged, fast) Menkaure resists with significant effort.
Menkaure calls on the powers of darkness!
Your body is wracked with pain!
* * * LOW HITPOINT WARNING * * *
Casting: Freeze (safe; 1% risk of failure)
Confirm with . or Enter, or press ? or * to list all spells.
A film of ice covers your body!
Menkaure points at you and mumbles some strange words.
Pain shoots through your body!
* * * LOW HITPOINT WARNING * * *
Evoke which item? (* to show all) (? for menu, Esc to quit)
Aiming: Random Effects
Press: ? - help, Shift-Dir - straight line, f/p - Menkaure
Aim: Menkaure (moderately damaged, fast) Menkaure seems to slow down.
Evoke which item? (* to show all) (? for menu, Esc to quit)
Aiming: Random Effects
Press: ? - help, Shift-Dir - straight line, f/p - Menkaure
Aim: Menkaure (moderately damaged, fast+slow)
The bolt of poison hits Menkaure.
Menkaure completely resists.
Menkaure is moderately damaged.
Menkaure hits you!!
Ouch! That really hurt!
You die...

#$..# . #..M# .. . #...#
... .. #...###....
...#######..........
.........##.........
..........##.###...
..>........#.#
.......@M....###
...............#########
#................<......
###.........############
#.........# ##.......##
#......... #.........#
....


You could see Menkaure.

Vanquished Creatures
  2 big kobolds (Sewer)
  A scorpion (D:5)
  2 howler monkeys (D:5)
  A crimson imp (D:5)
  A centaur skeleton (D:4)
  2 orc priests (D:4)
  An iguana (D:4)
  5 adders
  3 gnolls (D:4)
  9 river rats
  An adder skeleton (D:5)
  3 worms
  A dart slug (D:3)
  4 leopard geckos
  9 orcs
  3 ball pythons
  3 bats
  4 giant cockroaches
  4 goblins
  8 hobgoblins (D:3)
  17 kobolds
  A quokka (D:4)
  5 frilled lizards
  23 rats
113 creatures vanquished.

Vanquished Creatures (others)
  11 toadstools (D:5)
11 creatures vanquished.

Grand Total: 124 creatures vanquished

Notes
Turn   | Place    | Note
-------+----------+-------------------------------------------
     0 | D:1      | Amnesiac the Deep Elf Ice Elementalist began the quest for
                  | the Orb.
     0 | D:1      | Reached XP level 1. HP: 10/10 MP: 6/6
   198 | D:2      | Reached XP level 2. HP: 11/15 MP: 1/8
   411 | D:3      | Reached skill level 5 in Ice Magic
   504 | D:3      | Reached XP level 3. HP: 14/19 MP: 7/10
   513 | D:3      | Learned a level 3 spell: Frozen Ramparts
   517 | D:3      | Learned a level 3 spell: Ozocubu's Armour
   527 | D:3      | Found a glowing drain.
   548 | Sewer    | Entered a sewer
   690 | Sewer    | Reached XP level 4. HP: 21/24 MP: 9/12
   696 | Sewer    | Learned a level 4 spell: Summon Ice Beast
   838 | Sewer    | Reached skill level 6 in Ice Magic
   957 | Sewer    | Reached XP level 5. HP: 23/28 MP: 11/14
   994 | Sewer    | Reached skill level 5 in Spellcasting
  1016 | Sewer    | Got a bloodstained helmet
  1075 | Sewer    | Reached skill level 7 in Ice Magic
  1100 | Sewer    | Reached XP level 6. HP: 32/32 MP: 9/16
  1880 | D:4      | Reached skill level 1 in Evocations
  2110 | D:4      | Reached XP level 7. HP: 36/36 MP: 13/18
  2121 | D:4      | Learned a level 4 spell: Hailstorm
  2146 | D:5      | Entered Level 5 of the Dungeon
  2209 | D:5      | Reached skill level 8 in Ice Magic
  2319 | D:6      | Noticed Menkaure
  2338 | D:6      | Mangled by Menkaure

Levels and vault maps discovered:
D:1:      dpeg_arrival_signposts, layout_basic
D:2:      layout_loops_cross, lemuel_doored_altar
D:3:      layout_basic, portal_sewer_entry_e
D:4:      layout_loops_ring, first_ration, goddamned_bats
D:5:      cheibrodos_fertilizer, layout_loops_ring, kennysheep_generic_room_7,
          uniq_edmund
D:6:      layout_rooms, gammafunk_temple_overflow_arena,
          chequers_ossuary_entry_cave, uniq_menkaure

Skill      XL: |  1  2  3  4  5  6  7 |
---------------+----------------------+-----
Ice Magic      | 5 6 7 8 |  8.2
Spellcasting   | 4 5 6 |  6.5
Evocations     | 1 2 |  2.3
Dodging        | |  2.4
Stealth        | |  2.4

Action                   |  1- 3 |  4- 6 |  7- 9 || total
-------------------------+-------+-------+-------++-------
Melee: Short sword       |     1 |       |       ||     1
 Fire: Hunting sling     |    31 |   160 |    20 ||   211
 Cast: Freeze            |    37 |    50 |     4 ||    91
       Frozen Ramparts   |     1 |    10 |     2 ||    13
       Ozocubu's Armour  |       |       |     1 ||     1
Evoke: Wand              |       |       |     7 ||     7
  Eat: Chunk             |       |     4 |     1 ||     5
Armor: Robe              |     6 |    14 |     3 ||    23
Dodge: Dodged            |    25 |    53 |    17 ||    95

Table legend:
 A = Non-vault XP
 B = Vault XP
 C = Vault XP percentage of total XP
 D = Non-vault monster count
 E = Vault monster count
 F = Vault count percentage of total count
                 A         B        C        D         E       F
            +---------+---------+-------+---------+---------+-------
      Total |     546 |     441 |  44.7 |      55 |      58 |  51.3
            +---------+---------+-------+---------+---------+-------
        D:1 |       7 |       0 |   0.0 |       4 |       0 |   0.0
        D:2 |       6 |       0 |   0.0 |       5 |       0 |   0.0
        D:3 |      48 |      27 |  36.0 |      22 |       8 |  26.7
        D:4 |     250 |      11 |   4.2 |      19 |       2 |   9.5
        D:5 |     235 |       0 |   0.0 |       5 |       0 |   0.0
      Sewer |       0 |     403 | 100.0 |       0 |      48 | 100.0
            +---------+---------+-------+---------+---------+-------
